 Dungeon Crawl Stone Soup version 0.26-a0-651-gb41185065b (webtiles) character file.

Game seed: 8812770402011389421

205 Irenicus the Slasher (level 5, -3/45 HPs)
             Began as a Minotaur Chaos Knight on Oct 29, 2020.
             Was a Plaything of Xom.
             Slain by an unseen horror (shapeshifter) (11 damage)
             ... on level 3 of the Dungeon.
             The game lasted 00:04:20 (1346 turns).

Irenicus the Slasher (Minotaur Chaos Knight)        Turns: 1346, Time: 00:04:21

Health: -3/45      AC:  6    Str: 17    XL:     5   Next: 53%
Magic:  4/4        EV: 11    Int: 13    God:    Xom [..*...]
Gold:   91         SH:  0    Dex: 12    Spells: 4/4 levels left

rFire    . . .     SeeInvis .   a - +0 falchion (chaos)
rCold    . . .     Faith    .   (no shield)
rNeg     . . .     Spirit   .   b - +2 leather armour
rPois    .         Reflect  .   (helmet restricted)
rElec    .         Harm     .   (no cloak)
rCorr    .         Rampage  .   p - +0 pair of gloves
MR       .....                  (no boots)
Stlth    +.........             n - amulet of magic regeneration
HPRegen  0.15/turn              i - ring of flight {+Fly, !d}
MPRegen  0.34/turn              (no ring)

@: confused
A: retaliatory headbutt, horns 2, agile 1, clever 2, wild magic 1
a: Renounce Religion, Evoke Flight


You were on level 3 of the Dungeon.
You worshipped Xom.
You were a toy of Xom.
You visited 1 branch of the dungeon, and saw 3 of its levels.

You collected 91 gold pieces.

Inventory:

Hand Weapons
 a - a +0 falchion of chaos (weapon)
Armour
 b - a +2 leather armour (worn)
 p - a +0 pair of gloves (worn)
   (You found it on level 2 of the Dungeon)
Jewellery
 i - a ring of flight (left hand) {+Fly, !d}
   (You found it on level 1 of the Dungeon)
 n - an amulet of magic regeneration (around neck)
   (You took it off a hobgoblin on level 2 of the Dungeon)
Scrolls
 c - a scroll of magic mapping {unknown}
 d - 2 scrolls of blinking {unknown}
 e - 5 scrolls of identify {unknown}
 g - 2 scrolls of remove curse {unknown}
 h - 2 scrolls of teleportation {unknown}
Potions
 f - 2 potions of curing {unknown}
 j - a potion of flight {unknown}
 k - a potion of heal wounds {unknown}
 l - 2 potions of invisibility {unknown}
 m - a potion of cancellation {unknown}
 o - a potion of stabbing {unknown}
 q - a potion of brilliance {unknown}


   Skills:
 - Level 3.6 Fighting
 + Level 7.6 Long Blades
 - Level 2.4 Armour
 - Level 1.1 Dodging


You had 4 spell levels left.
You didn't know any spells.
Your spell library was empty.

Dungeon Overview and Level Annotations

Branches:
Dungeon (3/15)

Altars:
Elyvilon
Xom

Portals:
Sewer: D:3


Innate Abilities, Weirdness & Mutations

You reflexively headbutt those who attack you in melee.
You have a pair of horns on your head.
You are agile. (Dex +2)
Your mind is very acute. (Int +4)
Your spells are a little harder to cast, but a little more powerful.


Message History

The polar bear is heavily wounded.
The goblin hits you.
You take 1 damage, and have 29/45 hp.
You hit the polar bear.
The polar bear is heavily wounded.
The polar bear barely misses you. You furiously retaliate!
You headbutt the polar bear. The polar bear closely misses you.
The polar bear claws you but does no damage.
The goblin misses you.
You riposte.
You hit the goblin. You burn the goblin. Your headbutt misses the goblin.
The goblin is heavily wounded.
You hit the polar bear.
The polar bear suddenly seems more agile.
Xom thinks this is hilarious!
You headbutt the polar bear, but do no damage.
The polar bear is heavily wounded.
You hit the polar bear. You burn the polar bear.
You headbutt the polar bear, but do no damage.
The polar bear is severely wounded.
The goblin hits you. The polar bear barely misses you.
You riposte.
You hit the polar bear.
The polar bear looks as sick as possible!
The polar bear is severely wounded.
The polar bear claws you but does no damage. x2
You take 1 damage, and have 28/45 hp.
You hit the polar bear.
The polar bear looks as sick as possible!
The polar bear is severely wounded.
Xom makes a sudden noise!
You hear a rumbling sound.
You are now a toy of Xom.
You hear an angry hiss.
The goblin hits you.
An adder comes into view.
You take 2 damage, and have 26/45 hp.
You hit the goblin.
You kill the goblin!
The polar bear changes into a golden eye!
The adder barely misses you.
You riposte.
You hit the adder. You freeze the adder.
You headbutt the adder, but do no damage.
The adder is moderately wounded.
You hit the adder.
The adder is severely wounded.
The adder blinks!
The adder closely misses you. You furiously retaliate!
You headbutt the adder.
You kill the adder!
You hit the golden eye.
The golden eye's magic leaks into the air.
The golden eye is severely wounded.
The golden eye changes into a human!
You slash the human! You drain the human. You headbutt the human.
The human is heavily wounded.
You hit the human. You burn the human. Your headbutt misses the human.
The human is severely wounded.
The human closely misses you.
You riposte.
You closely miss the human. You headbutt the human!
The human is almost dead.
You closely miss the human.
The human is almost dead.
The human changes into a soldier ant!
You hit the soldier ant but do no damage.
The soldier ant is heavily wounded.
You closely miss the soldier ant. Your headbutt misses the soldier ant.
The soldier ant is heavily wounded.
The soldier ant stings you but does no damage.
You barely miss the soldier ant.
The soldier ant is heavily wounded.
The soldier ant changes into a golden eye!
You closely miss the golden eye.
The golden eye is lightly wounded.
Your leather armour prevents you from hitting the golden eye.
The golden eye is lightly wounded.
You hear the slow rusting of a drain.
The golden eye blinks at you.
You are confused.
You bump into the rock wall.
The golden eye blinks at you.
You are more confused.
The golden eye blinks at you. You resist with some effort.
You bump into the rock wall.
The golden eye turns its gaze towards you.
The golden eye turns its gaze towards you.
The golden eye blinks at you.
You are more confused.
You miss the golden eye. Your headbutt misses the golden eye.
The golden eye blinks at you.
You are more confused.
The golden eye turns its gaze towards you.
The golden eye changes into something you cannot see!
You bump into the rock wall.
Something hits you!
Deactivating autopickup; reactivate with Ctrl-A.
You take 7 damage, and have 22/45 hp.
Something hits you. x2
* * * LOW HITPOINT WARNING * * *
You take 10 damage, and have 12/45 hp.
MASSIVE DAMAGE!!
Something hits you.
* * * LOW HITPOINT WARNING * * *
Something hits you!
You die...

## .. #.# #.. ...
#####.###
........# #####
#@##
......###..######
......#..†......#
......#.).).....#
..........≈≈≈...#
.........≈≈≈≈≈..#
......#†.≈≈∩≈≈..#
......#..≈≈≈≈≈..#
..........≈≈≈...#


There were no monsters in sight!

Vanquished Creatures
  Natasha (D:2)
  An orc wizard (D:2)
  4 gnolls (D:2)
  A river rat (D:1)
  4 adders
  A worm (D:2)
  A leopard gecko (D:1)
  4 orcs
  A giant cockroach (D:2)
  3 goblins
  9 hobgoblins
  7 jackals (D:1)
  6 kobolds
  A quokka (D:2)
  2 ball pythons
  7 bats
  A frilled lizard (D:3)
  13 rats
67 creatures vanquished.

Vanquished Creatures (others)
  4 plants (D:2)
4 creatures vanquished.

Grand Total: 71 creatures vanquished

Notes
Turn   | Place    | Note
-------+----------+-------------------------------------------
     0 | D:1      | Irenicus the Minotaur Chaos Knight began the quest for the
                  | Orb.
     0 | D:1      | Reached XP level 1. HP: 19/19 MP: 0/0
    24 | D:1      | Reached skill level 4 in Long Blades
   139 | D:1      | Reached XP level 2. HP: 26/26 MP: 1/1
   188 | D:1      | XOM: smoke on damage
   208 | D:1      | Reached skill level 5 in Long Blades
   268 | D:1      | Reached XP level 3. HP: 28/31 MP: 2/2
   271 | D:1      | XOM: cloud trail
   307 | D:1      | XOM: potion effect (haste)
   622 | D:2      | XOM: potion effect (invisibility)
   623 | D:2      | Reached skill level 6 in Long Blades
   623 | D:2      | Reached XP level 4. HP: 26/39 MP: 3/3
   638 | D:2      | HP: 9/39 [gnoll/+0 halberd (2)]
   640 | D:2      | HP: 3/39 [gnoll/+0 halberd (7)]
   699 | D:2      | HP: 9/39 [orc/+0 short sword (1)]
   711 | D:2      | HP: 4/39 [something (6)]
   733 | D:2      | HP: 5/39 [hobgoblin/+0 club (2)]
   739 | D:2      | HP: 4/39 [bat (1)]
   744 | D:2      | XOM: give mutations
   744 | D:2      | Gained mutation: Your spells are a little harder to cast,
                  | but a little more powerful. [Xom's grace]
   744 | D:2      | Gained mutation: Your mind is acute. (Int +2) [Xom's grace]
   744 | D:2      | Gained mutation: You are agile. (Dex +2) [Xom's grace]
   744 | D:2      | Gained mutation: Your mind is very acute. (Int +4) [Xom's
                  | grace]
   869 | D:2      | Reached skill level 7 in Long Blades
   869 | D:2      | Reached XP level 5. HP: 25/45 MP: 4/4
   961 | D:2      | Noticed Natasha
   967 | D:2      | XOM: cleaving
   969 | D:2      | Killed Natasha
   980 | D:2      | Found a white marble altar of Elyvilon.
   995 | D:2      | Found a faded altar of an unknown god.
  1065 | D:2      | XOM: noise
  1109 | D:2      | XOM: scenery: create altars
  1288 | D:3      | XOM: polymorph hobgoblin -> goblin
  1293 | D:3      | Found a glowing drain.
  1297 | D:3      | XOM: noise
  1307 | D:3      | Noticed a shapeshifter
  1307 | D:3      | an orc changed into a shapeshifter
  1307 | D:3      | XOM: polymorph orc -> shapeshifter
  1307 | D:3      | Noticed a polar bear
  1307 | D:3      | a shapeshifter changed into a polar bear
  1309 | D:3      | XOM: confuse monster(s)
  1323 | D:3      | XOM: noise
  1324 | D:3      | Noticed a golden eye
  1324 | D:3      | a polar bear changed into a golden eye
  1328 | D:3      | Noticed a human
  1328 | D:3      | a golden eye changed into a human
  1331 | D:3      | Noticed a soldier ant
  1331 | D:3      | a human changed into a soldier ant
  1334 | D:3      | Noticed a golden eye
  1334 | D:3      | a soldier ant changed into a golden eye
  1343 | D:3      | a golden eye changed into something unseen
  1346 | D:3      | HP: 8/45 [something (4)]
  1346 | D:3      | Slain by an unseen horror (shapeshifter)

Illustrated notes

Levels and vault maps discovered:
D:1:      dpeg_arrival_pond, layout_rooms, minmay_misc_feat_more_columns,
          minmay_misc_feat_rows
D:2:      layout_loops_ring, elyvilon_altar_4, serial_forest,
          infiniplex_forest_clump_medium, infiniplex_forest_clump_large,
          infiniplex_forest_3_way, infiniplex_forest_clump_tiny,
          infiniplex_forest_diagonal, infiniplex_forest_clump_long,
          chequers_ecumenical_altar_simple, uniq_natasha
D:3:      layout_basic, portal_sewer_entry_a, minmay_close_crescents

Skill      XL: |  1  2  3  4 |
---------------+-------------+-----
Long Blades    | 4 5 6 7 |  7.6
Fighting       | |  3.6
Armour         | |  2.4
Dodging        | |  1.1

Action                   |  1- 3 |  4- 6 || total
-------------------------+-------+-------++-------
Melee: Falchion          |    68 |    87 ||   155
       Headbutt          |     7 |    13 ||    20
 Stab: Invisible         |       |     3 ||     3
Armor: Leather armour    |    45 |    28 ||    73
Dodge: Dodged            |    63 |    46 ||   109
       Rpst.: Falchion   |    12 |    12 ||    24

Table legend: (Time is in decaauts)
 A = Elapsed time spent in this place.
 B = Non-inter-level travel time spent in this place.
 C = Inter-level travel time spent in this place.
 D = Time resting spent in this place.
 E = Time spent auto-exploring this place.
 F = Levels seen in this place.
 G = Mean time per level.
                   A        B        C        D        E       F      G
               +--------+--------+--------+--------+--------+-----+--------+
         Total |   1327 |   1307 |     20 |     38 |    785 |   3 |  442.3 |
       Dungeon |   1327 |   1307 |     20 |     38 |    785 |   3 |  442.3 |
               +--------+--------+--------+--------+--------+-----+--------+

Top non-repeatable levels by time:
     D:2: 849 daAuts
     D:1: 418 daAuts
     D:3: 59 daAuts

Table legend:
 A = Kills in this place as a percentage of kills in entire the game.
 B = Kills by you in this place as a percentage of kills by you in the entire game.
 C = Kills by friends in this place as a percentage of kills by friends in the entire game.
 D = Other kills in this place as a percentage of other kills in the entire game.
 E = Experience gained in this place as a percentage of experience gained in the entire game.
 F = Experience gained in this place divided by the number of levels of this place that you have seen.
                   A       B       C       D       E      F
               +-------+-------+-------+-------+-------+----------------------
         Total | 100.0 | 100.0 |   N/A | 100.0 | 100.0 |  98.0
       Dungeon | 100.0 | 100.0 |   N/A | 100.0 | 100.0 |  98.0
               +-------+-------+-------+-------+-------+----------------------
